AoeStats
← ZzZz7z

African Clearing

510627161Analyzed
2v2 RM · 15h ago on Oct 1, 2026· 44m 37s· 4 players
Game mode
Random Map
Map size
Medium (4 player)
Population
200
Speed
Normal
Resources
Standard
Victory
Conquest
Starting age
Dark Age
Ending age
Imperial Age
RankedLock teamsTeams togetherTeam positionsShared explorationLock speedFull tech treeHidden civsTurbo modeCheats
Victory
Defeat
🇦🇷 Japanese · Argentina
1208
+18
🇺🇸 Mapuche · United States
1208
+18
🇦🇷 Magyars · Argentina
1247
-19
🇦🇷 Malay · Argentina
1239
-17
LuluX
5:53 Loom
12:35 Feudal Age
16:38 Wheelbarrow
22:56 Castle Age
23:36 Fletching
25:48 Padded Archer Armor
33:52 Double-Bit Axe
34:11 Horse Collar
36:24 Gold Mining
41:31 Hand Cart
44:22 Bodkin Arrow
44:42 Leather Archer Armor
MABA
6:55 Loom
14:27 Feudal Age
18:35 Castle Age
17:14 Scale Barding Armor
18:28 Padded Archer Armor
22:48 Elite Skirmisher
27:40 Town Watch
28:35 Fletching
36:03 Wheelbarrow
35:42 Husbandry
36:54 Ballistics
37:50 Forging
38:57 Hand Cart
39:37 Hand Cart
39:43 Double-Bit Axe
42:11 Iron Casting
42:14 Horse Collar
42:51 Bow Saw
43:47 Town Patrol
44:01 Thumb Ring
44:05 Heavy Plow
ZzZz7z
11:25 Loom
14:02 Feudal Age
14:02 Man-at-Arms
14:58 Arson
16:36 Double-Bit Axe
23:03 Castle Age
22:35 Scale Mail Armor
24:04 Long Swordsman
27:30 Squires
27:22 Fletching
29:45 Chain Mail Armor
32:47 Wheelbarrow
34:39 Forging
38:00 Imperial Age
37:06 Iron Casting
37:00 Thumb Ring
37:21 Gold Mining
37:34 Stone Mining
39:49 Chemistry
39:05 Husbandry
40:02 Bodkin Arrow
40:34 Padded Archer Armor
42:56 Murder Holes
franciscoC137
12:55 Feudal Age
17:29 Castle Age
15:35 Double-Bit Axe
16:57 Fletching
18:09 Bodkin Arrow
24:52 Loom
27:12 Champi Runner
28:02 Champi Warrior
29:25 Town Watch
33:02 Wheelbarrow
33:07 Forging
36:15 Pikeman
39:45 Malon
42:48 Ballistics
Connection lost

Rejoining the realm…

Still unreachable

The connection could not be restored.

Session expired

The server has moved on; the page needs a fresh start.